 Dungeon Crawl Stone Soup version 0.30-a0-250-g41c1d76940 (webtiles) character file.

Game seed: 9789795484429962046

20524 Hubris850 the Fencer (level 12, -7/101 HPs)
             Began as a Minotaur Berserker on Oct 12, 2022.
             Was a High Priest of Trog.
             Mangled by a spark wasp (shapeshifter) (13 damage)
             ... in a Gauntlet.
             The game lasted 00:38:11 (12143 turns).

Hubris850 the Fencer (Minotaur Berserker)          Turns: 12143, Time: 00:38:11

Health: -7/101     AC: 19    Str: 25    XL:     12   Next: 46%
Magic:  0/11       EV: 11    Int:  4    God:    Trog [*****.]
Gold:   1583       SH:  0    Dex: 12    Spells: 11/11 levels left

rFire   . . .      SeeInvis .    a - +10 triple sword of Olylon {spect, rPois}
rCold   . . .      Faith    .    (shield currently unavailable)
rNeg    + . .      Spirit   +    g - +2 chain mail {rPois}
rPois   +          Reflect  .    B - +2 hat {Stlth+}
rElec   .          Harm     .    j - +2 cloak
rCorr   +          Rampage  .    (no gloves)
Will    .....      NoTele   +    R - +0 pair of boots
Stlth   ..........               J - amulet of guardian spirit
HPRegen 0.36/turn                A - ring of resist corrosion
MPRegen 0.12/turn                w - ring of positive energy

@: lethally poisoned (-7 -> -25), slowed, studying 2 skills, very slow
A: horns 2, retaliatory headbutt
a: Renounce Religion, Berserk, Trog's Hand, Brothers in Arms


You were in a Gauntlet.
You worshipped Trog.
Trog was extremely pleased with you.
You visited 2 branches of the dungeon, and saw 14 of its levels.
You also visited: Sewer and Gauntlet.

You collected 2789 gold pieces.
You spent 1206 gold pieces at shops.

Inventory:

Hand Weapons
 a - the +10 triple sword of Olylon (weapon) {spect, rPois}
   (You bought it in a shop on level 6 of the Dungeon)

   When its wielder attacks, the weapon's spirit leaps out and strikes again.
   The spirit shares a part of any damage it takes with its wielder.
   rPois:     It protects you from poison.
 b - the +9 sling of Suhaz {speed, rF+ Will+ Str+3 Stlth+}
   (You found it on level 8 of the Dungeon)

   Attacks with this weapon are significantly faster.
   Str:       It affects your strength (+3).
   rF:        It protects you from fire.
   Will:      It increases your willpower.
   Stlth:     It makes you more stealthy.
Missiles
 h - 43 poisoned darts
 s - 2 javelins
 z - a curare-tipped dart
 K - 6 boomerangs (quivered)
Armour
 g - a +2 chain mail of poison resistance (worn)
 j - a +2 cloak (worn)
 B - a +2 hat of stealth (worn)
 R - a +0 pair of boots (worn)
Jewellery
 c - a +6 ring of strength
 w - a ring of positive energy (right hand)
 A - a ring of resist corrosion (left hand)
 J - an amulet of guardian spirit (around neck)
Wands
 o - a wand of flame (44)
 C - a wand of digging (7)
 N - a wand of quicksilver (7)
 Q - a wand of iceblast (4)
 X - a wand of mindburst (7)
 Z - a wand of charming (6)
Scrolls
 e - 4 scrolls of teleportation {unknown}
 i - 10 scrolls of fear
 n - 4 scrolls of blinking
 p - a scroll of amnesia {unknown}
 u - a scroll of torment {unknown}
 y - a scroll of summoning
 D - 2 scrolls of immolation {unknown}
 M - a scroll of vulnerability {unknown}
 V - a scroll of noise {unknown}
 W - a scroll of butterflies {unknown}
Potions
 d - a potion of degeneration {unknown}
 k - 10 potions of curing
 l - 2 potions of ambrosia
 m - 2 potions of might
 v - 2 potions of invisibility {unknown}
 x - 2 potions of haste
 E - 3 potions of heal wounds
 H - a potion of lignification {unknown}
 L - 3 potions of magic {unknown}
 U - 2 potions of cancellation {unknown}
Miscellaneous
 I - a phial of floods


   Skills:
 - Level 8.0 Fighting
 + Level 19.3 Long Blades
 - Level 6.6 Axes
 + Level 12.0 Throwing
 - Level 8.0 Armour
 - Level 8.0 Dodging


You had 11 spell levels left.
You didn't know any spells.
Your spell library was empty.

Dungeon Overview and Level Annotations

Branches:
Dungeon (11/15)            Temple (0/1) D:6            Lair (3/5) D:11
  Swamp (0/4) Lair:2       Spider (0/4) Lair:2          Orc (0/2) D:11
  Sewer (visited)         Gauntlet (1/1)

Altars:
Ashenzari
Cheibriados
Dithmenos
Elyvilon
Hepliaklqana
Kikubaaqudgha
Nemelex Xobeh
Okawaru
Qazlal
Ru
Vehumet
Wu Jian
Xom

Shops:
D:6 !*(:   D:10 (

Annotations:
Gauntlet 17 transporters, 21 runed translucent doors, exclusion: 2 lightning spires


Innate Abilities, Weirdness & Mutations

You have a pair of horns on your head.
You reflexively headbutt those who attack you in melee.


Message History

The jelly quivers.
The death drake hisses angrily.
The warg howls!
The slime creature jiggles.
Found a transporter.
Found a transporter.
The radroach changes into a quicksilver ooze!
The jelly jiggles.
Two slime creatures merge to form a large slime creature.
The warg changes into a sky beast!
There is a transporter here.
You enter the transporter and appear at another place.
The quicksilver ooze changes into a goliath frog!
The death drake breathes miasma at you.
A spark wasp comes into view.
You are engulfed in dark miasma.
You closely miss the spark wasp. You headbutt the spark wasp!
The spark wasp is lightly wounded.
You are engulfed in dark miasma.
You are poisoned.
You feel yourself slow down.
You feel very sick.
The spark wasp stings you but does no damage.
You closely miss the spark wasp.
The spark wasp is lightly wounded.
You are engulfed in dark miasma.
You are more poisoned.
You feel extremely sick. The spark wasp barely misses you.
The sky beast flickers out of sight!
Deactivating autopickup; reactivate with Ctrl-A.
The spark wasp stings you! The spark wasp shocks you!
You miss the spark wasp.
The spark wasp is lightly wounded.
You feel extremely sick. The spark wasp stings you. The spark wasp shocks you!
* * * LOW HITPOINT WARNING * * *
The spark wasp stings you!
* * * LOW HITPOINT WARNING * * *
The spark wasp shocks you!
You die...

#.#Y........#.#...?©$...#.#......
#.#9..P.PP..#.#.#.#...#.#.#.##...
#.#=.#..P#..#.#.#...###.#.#.#.# #
#.#...P.....#.#.○.###.k.#.#..##.#
#©#©.P.©.P..#.#.#.#©☼○#.#.#..#.©.
###[.PP..PP.#.#.#..☼###.#.#..##.#
..#..#P.P#..#.#.○°###...#.#J#.#.#
..#...P...P.#.#.###...#.#.#J##...
..#.........#.#.@y{.....#.#JJ....
..###########.###########.#######
...................©.............
≈................................
##################.∩.############
#8# #8# #8# #8# #.§§# #8# #8# #
### ### ### ### #≈§≈# ### ### #
#####


You could see a spark wasp.

Vanquished Creatures
  A hydra (Lair:2)
  A catoblepas (Lair:3)
  Nergalle (Lair:2)
  3 death yaks (Lair:1)
  Pikel (D:8)
  A manticore (D:11)
  A black mamba (Lair:1)
  2 cane toads (Lair:1)
  A rime drake (Lair:2)
  2 komodo dragons
  A polar bear (Lair:2)
  A troll (D:11)
  2 hornets (D:9)
  16 blink frogs
  5 slime creatures (D:9)
  A wolf spider simulacrum (Lair:1)
  Prince Ribbit (Lair:1)
  2 jumping spiders (Lair:2)
  A vampire (D:9)
  A wraith (D:9)
  A dire elephant simulacrum (Lair:1)
  3 wyverns
  18 yaks
  A basilisk (Lair:1)
  A steam dragon (D:8)
  3 acid dragons
  Duvessa (D:6)
  Edmund (D:5)
  7 water moccasins
  9 orc warriors
  An ice beast (D:7)
  7 centaurs
  2 lemures (D:8)
  2 phantoms
  5 kobold brigands
  3 bullfrogs
  A gnoll sergeant (D:8)
  6 wights (D:8)
  Dowan (D:6)
  A howler monkey (D:9)
  A rime drake simulacrum (Lair:1)
  An electric eel (Lair:3)
  A quasit (D:4)
  A water moccasin simulacrum (Lair:1)
  A jelly (D:7)
  7 orc priests
  2 hounds
  Ijyb (D:5)
  Terence (D:3)
  2 gnoll boudas
  4 iguanas (D:4)
  11 orc wizards
  A polar bear simulacrum (Lair:1)
  A bullfrog simulacrum (Lair:1)
  A river rat (Sewer)
  15 adders
  23 gnolls
  5 shadow imps
  6 white imps
  2 ufetubi
  2 worms (Sewer)
  3 dart slugs
  43 orcs
  6 ball pythons
  3 bats (D:1)
  10 endoplasms
  5 giant cockroaches
  4 hobgoblins
  6 jackals
  2 quokkas
  7 frilled lizards
  9 goblins
  30 kobolds
  6 rats
342 creatures vanquished.

Vanquished Creatures (others)
  6 fungi
  15 plants
  3 withered plants (Gauntlet)
24 creatures vanquished.

Grand Total: 366 creatures vanquished

Notes
Turn   | Place    | Note
-------+----------+-------------------------------------------
     0 | D:1      | Hubris850 the Minotaur Berserker began the quest for the
                  | Orb.
     0 | D:1      | Reached XP level 1. HP: 19/19 MP: 0/0
   276 | D:1      | Reached XP level 2. HP: 27/27 MP: 1/1
   666 | D:1      | Reached ** piety under Trog
   938 | D:2      | Reached XP level 3. HP: 33/33 MP: 2/2
  1133 | D:2      | Reached skill level 1 in Throwing
  1897 | D:3      | Reached XP level 4. HP: 40/40 MP: 3/3
  1992 | D:3      | Found a glowing drain.
  2003 | Sewer    | Entered a sewer
  2253 | Sewer    | Reached XP level 5. HP: 46/46 MP: 4/4
  2330 | Sewer    | Reached *** piety under Trog
  2716 | D:3      | Reached skill level 5 in Axes
  2755 | D:3      | Noticed a phantom
  2774 | D:3      | Killed a phantom
  2775 | D:3      | Reached XP level 6. HP: 31/52 MP: 5/5
  2949 | D:3      | Noticed Terence
  2961 | D:3      | Killed Terence
  3381 | D:4      | Reached skill level 5 in Armour
  3525 | D:4      | Reached XP level 7. HP: 59/59 MP: 6/6
  3593 | D:4      | Found an ancient bone altar of Kikubaaqudgha.
  3634 | D:4      | Found an iron altar of Okawaru.
  3990 | D:5      | Entered Level 5 of the Dungeon
  3996 | D:5      | Noticed Edmund
  4031 | D:5      | Noticed Ijyb
  4031 | D:5      | You fall into a shaft and drop 1 floor!
  4044 | D:6      | Found Agroni Zaugh's Weapon Boutique.
  4104 | D:5      | Reached skill level 1 in Long Blades
  4121 | D:5      | Killed Edmund
  4122 | D:5      | Reached skill level 2 in Long Blades
  4122 | D:5      | Reached XP level 8. HP: 43/66 MP: 4/7
  4124 | D:5      | Reached skill level 5 in Throwing
  4422 | D:5      | Reached **** piety under Trog
  4423 | D:5      | Reached skill level 3 in Long Blades
  4432 | D:5      | Killed Ijyb
  4814 | D:6      | Found a hazy altar of Hepliaklqana.
  4815 | D:6      | Found a snail-covered altar of Cheibriados.
  4961 | D:6      | Found Jiostrilog's Book Boutique.
  5064 | D:6      | Found a staircase to the Ecumenical Temple.
  5136 | D:6      | Noticed Dowan
  5138 | D:6      | Noticed Duvessa
  5146 | D:6      | Killed Duvessa
  5147 | D:6      | Reached skill level 4 in Long Blades
  5151 | D:6      | Killed Dowan
  5164 | D:6      | Found Keseh's Assorted Antiques.
  5206 | D:6      | Found Kuitihaff's Distillery.
  5254 | D:6      | Reached skill level 5 in Long Blades
  5259 | D:6      | Reached skill level 6 in Long Blades
  5263 | D:6      | Reached XP level 9. HP: 6/71 MP: 1/8
  5272 | D:6      | Reached skill level 7 in Long Blades
  6091 | D:7      | Reached skill level 8 in Long Blades
  6267 | D:7      | Identified 3 scrolls of acquirement
  6268 | D:7      | Acquired a manual of Throwing
  6270 | D:7      | Acquired 928 gold pieces
  6296 | D:6      | Bought the +10 triple sword of Olylon {spect, rPois} for
                  | 1206 gold pieces
  6297 | D:6      | Acquired a manual of Long Blades
  6430 | D:8      | Identified the +9 sling of Suhaz {speed, rF+ Will+ Str+3
                  | Stlth+}
  6463 | D:8      | Found a stormy altar of Qazlal.
  6501 | D:8      | Reached skill level 9 in Long Blades
  6615 | D:8      | Reached skill level 10 in Long Blades
  6618 | D:8      | Reached skill level 10 in Throwing
  6619 | D:8      | Reached skill level 11 in Long Blades
  6622 | D:8      | Reached XP level 10. HP: 58/78 MP: 5/9
  6781 | D:8      | Noticed Pikel
  6788 | D:8      | Killed Pikel
  6789 | D:8      | Reached skill level 12 in Long Blades
  7235 | D:9      | Reached skill level 13 in Long Blades
  7242 | D:9      | Reached skill level 14 in Long Blades
  7341 | D:9      | Found a shadowy altar of Dithmenos.
  7342 | D:9      | Found a sparkling altar of Nemelex Xobeh.
  7342 | D:9      | Found a shimmering altar of Xom.
  7344 | D:9      | Found a broken altar of Ashenzari.
  7344 | D:9      | Found an ornate altar of the Wu Jian Council.
  7348 | D:9      | Found a radiant altar of Vehumet.
  7348 | D:9      | Found a sacrificial altar of Ru.
  7349 | D:9      | Found a white marble altar of Elyvilon.
  7409 | D:9      | Reached skill level 15 in Long Blades
  7418 | D:9      | Reached ***** piety under Trog
  7689 | D:10     | Entered Level 10 of the Dungeon
  7697 | D:10     | Reached skill level 16 in Long Blades
  8076 | D:10     | Found Cuulirgh's Antique Weapon Emporium.
  8247 | D:10     | Reached XP level 11. HP: 61/84 MP: 6/10
  8359 | D:10     | Reached skill level 17 in Long Blades
  8639 | D:11     | Found a staircase to the Lair.
  8866 | D:11     | Reached skill level 18 in Long Blades
  9154 | D:11     | Found a staircase to the Orcish Mines.
  9569 | Lair:1   | Entered Level 1 of the Lair of Beasts
  9581 | Lair:1   | Found a transporter.
  9760 | Lair:1   | Noticed a death yak
  9762 | Lair:1   | Reached skill level 5 in Fighting
  9765 | Lair:1   | Noticed Prince Ribbit
  9767 | Lair:1   | Killed a death yak
  9768 | Lair:1   | Reached skill level 5 in Dodging
  9770 | Lair:1   | Killed Prince Ribbit
 10013 | Lair:1   | Noticed a death yak
 10013 | Lair:1   | Noticed a death yak
 10019 | Lair:1   | Killed a death yak
 10023 | Lair:1   | Killed a death yak
 10269 | Lair:1   | Reached ****** piety under Trog
 10290 | Lair:1   | Found a transporter.
 10424 | Lair:1   | Received a gift from Trog
 10608 | Lair:2   | Reached XP level 12. HP: 80/97 MP: 8/11
 10768 | Lair:2   | Found a hole to the Spider Nest.
 10860 | Lair:2   | Noticed Nergalle
 10867 | Lair:2   | Killed Nergalle
 10868 | Lair:2   | Reached skill level 19 in Long Blades
 10906 | Lair:2   | Found a staircase to the Swamp.
 10955 | Lair:2   | Noticed an eight-headed hydra
 10964 | Lair:2   | Killed an eight-headed hydra
 11299 | Lair:1   | Acquired a manual of Evocations
 11302 | Lair:1   | Acquired 996 gold pieces
 11897 | Lair:3   | Found a gate leading to a gauntlet.
 11897 | Lair:3   | Noticed a catoblepas
 11903 | Lair:3   | Killed a catoblepas
 11911 | Gauntlet | Entered a Gauntlet
 11911 | Gauntlet | Found a transporter.
 11919 | Gauntlet | Noticed a quicksilver ooze
 11922 | Gauntlet | Found a transporter.
 11924 | Gauntlet | Found a transporter.
 11926 | Gauntlet | Found a transporter.
 11933 | Gauntlet | a quicksilver ooze changed into a boulder beetle
 11933 | Gauntlet | Noticed a boulder beetle (shapeshifter)
 11939 | Gauntlet | Found a transporter.
 11945 | Gauntlet | Noticed a catoblepas
 11954 | Gauntlet | Found a transporter.
 11958 | Gauntlet | Found a large runed translucent door.
 11958 | Gauntlet | Found a large runed translucent door.
 11960 | Gauntlet | Found a large runed translucent door.
 11960 | Gauntlet | Found a large runed translucent door.
 11960 | Gauntlet | Found a large runed translucent door.
 11961 | Gauntlet | Found a runed translucent door.
 11962 | Gauntlet | Found a transporter.
 11963 | Gauntlet | Found a runed translucent door.
 11964 | Gauntlet | Found a large runed translucent door.
 11964 | Gauntlet | Found a large runed translucent door.
 11964 | Gauntlet | Found a large runed translucent door.
 11965 | Gauntlet | Found a large runed translucent door.
 11966 | Gauntlet | Found a large runed translucent door.
 11972 | Gauntlet | Found a large runed translucent door.
 11972 | Gauntlet | Found a large runed translucent door.
 11973 | Gauntlet | Found a large runed translucent door.
 11973 | Gauntlet | Found a large runed translucent door.
 11973 | Gauntlet | Found a large runed translucent door.
 11975 | Gauntlet | Found a runed translucent gate.
 11975 | Gauntlet | Found a runed translucent gate.
 11975 | Gauntlet | Found a runed translucent gate.
 11975 | Gauntlet | Noticed an entropy weaver
 11977 | Gauntlet | Found a transporter.
 11988 | Gauntlet | Found a large runed translucent door.
 11996 | Gauntlet | Found a transporter.
 12004 | Gauntlet | Noticed a reaper
 12005 | Gauntlet | Found a transporter.
 12020 | Gauntlet | Found a transporter.
 12025 | Gauntlet | Noticed an entropy weaver
 12040 | Gauntlet | Found a transporter.
 12048 | Gauntlet | Noticed a hell hog
 12052 | Gauntlet | Found a transporter.
 12069 | Gauntlet | Found a transporter.
 12086 | Gauntlet | Found a transporter.
 12088 | Gauntlet | Found a transporter.
 12111 | Gauntlet | Noticed a radroach
 12116 | Gauntlet | Found a transporter.
 12118 | Gauntlet | Found a transporter.
 12122 | Gauntlet | a radroach changed into a quicksilver ooze
 12122 | Gauntlet | Noticed a quicksilver ooze (shapeshifter)
 12136 | Gauntlet | a quicksilver ooze changed into a goliath frog
 12140 | Gauntlet | Noticed a spark wasp
 12143 | Gauntlet | Mangled by a spark wasp (shapeshifter)

Illustrated notes

Levels and vault maps discovered:
D:1:      enne_arrival_octagon_isle, layout_loops_ring
D:2:      layout_basic, grunt_ministairs_8, serial_bayou_crossing
D:3:      layout_rooms, gup_sewer_entry_bubbles, uniq_terence
D:4:      layout_cave_pools, mainiacjoe_overflow_large_starburst,
          guppyfry_early_lair_pool
D:5:      layout_rooms, serial_demonic, serial_demonic_e, serial_demonic_a,
          serial_demonic_e, serial_demonic_g, uniq_edmund, uniq_ijyb
D:6:      layout_basic, mainiacjoe_overflow_big_doors, temple_hall_moat,
          serial_shops, nicolae_shop_bloodbath_and_beyond,
          nicolae_shop_behind_doors, nicolae_square_shop, nicolae_square_shop,
          minmay_misc_feat_chi, uniq_duvessa
D:7:      layout_cave_pods
D:8:      layout_loops_ring, mainiacjoe_overflow_boulevard,
          amcnicky_mini_corridor_feature, uniq_pikel
D:9:      layout_rooms, grunt_temple_overflow_open
D:10:     layout_gridville, serial_glass, glass_columns_b, glass_columns_c,
          glass_columns_c, glass_columns_c, glass_columns_a, glass_columns_c,
          glass_columns_b, glass_columns_a, nicolae_inconvenience_store
D:11:     layout_roguey [special_room_orc], david_lair_shrubbed,
          eino_tiny_chamber
Lair:1:   gammafunk_cloud_chamber, layout_misc_corridors, uniq_prince_ribbit2
Lair:2:   layout_gridlike, swamp_mist_pool, spider_nest_entry_a, uniq_nergalle
Lair:3:   wander_river, layout_gridlike, gauntlet_entry_generic,
          beast_lair_carwin_6, infiniplex_staircase_pool, grunt_megastairs_4
Gauntlet: gammafunk_gauntlet_one_two_three [nicolae_gauntlet_arena_grate_2,
          gammafunk_gauntlet_arena_corners, gammafunk_gauntlet_arena_hedges,
          nicolae_gauntlet_arena_t_cross, nicolae_gauntlet_arena_flowing_pool,
          gammafunk_gauntlet_arena_split_x, gammafunk_gauntlet_arena_spirals,
          gammafunk_gauntlet_arena_mazey,
          minmay_gauntlet_arena_make_your_own_arena, gauntlet_exit_green]

Skill      XL: |  1  2  3  4  5  6  7  8  9 10 11 12 |
---------------+-------------------------------------+-----
Fighting       | 4 6 8 |  8.0
Axes           | 4 5 6 |  6.6
Armour         | 3 4 5 6 8 |  8.0
Throwing       | 1 2 3 4 7 10 12 | 12.0
Dodging        | 3 4 6 8 |  8.0
Long Blades    | 2 6 11 16 18 19 | 19.3

Action                   |  1- 3 |  4- 6 |  7- 9 | 10-12 || total
-------------------------+-------+-------+-------+-------++-------
Melee: Hand axe          |    80 |       |    11 |       ||    91
       Headbutt          |    11 |    25 |    43 |    40 ||   119
       Short sword       |     7 |   175 |    55 |       ||   237
       Punch             |       |     1 |       |       ||     1
       Long sword        |       |       |   163 |       ||   163
       Triple sword      |       |       |    24 |   223 ||   247
 Fire: Sling             |       |       |       |    10 ||    10
Throw: Boomerang         |       |       |    26 |       ||    26
       Dart              |       |       |     8 |       ||     8
       Javelin           |       |       |     3 |     2 ||     5
Invok: Berserk           |       |     4 |     6 |       ||    10
       Trog's Hand       |       |     1 |     1 |     1 ||     3
Evoke: Wand              |       |       |       |     5 ||     5
  Use: Scroll            |       |       |    14 |     7 ||    21
       Potion            |       |       |       |     2 ||     2
 Stab: Sleeping          |       |     1 |       |       ||     1
       Distracted        |       |       |       |     3 ||     3
Armor: Animal skin       |    14 |    48 |       |       ||    62
       Ring mail         |       |     5 |     6 |       ||    11
       Chain mail        |       |       |   204 |   132 ||   336
Dodge: Dodged            |    46 |    91 |   190 |    88 ||   415

Table legend: (Time is in decaauts)
 A = Elapsed time spent in this place.
 B = Non-inter-level travel time spent in this place.
 C = Inter-level travel time spent in this place.
 D = Time resting spent in this place.
 E = Time spent auto-exploring this place.
 F = Levels seen in this place.
 G = Mean time per level.
                   A        B        C        D        E       F      G
               +--------+--------+--------+--------+--------+-----+--------+
         Total |  12364 |  11971 |    393 |   1288 |   8074 |  16 |  772.8 |
       Dungeon |   9134 |   8850 |    284 |    774 |   6363 |  11 |  830.4 |
          Lair |   2331 |   2222 |    109 |    401 |   1404 |   3 |  777.0 |
         Sewer |    666 |    666 |      0 |    113 |    306 |   1 |  666.0 |
      Gauntlet |    231 |    231 |      0 |      0 |      0 |   1 |  231.0 |
               +--------+--------+--------+--------+--------+-----+--------+

Top non-repeatable levels by time:
  Lair:2: 1155 daAuts
     D:2: 1119 daAuts
  Lair:1: 1066 daAuts
    D:11: 968 daAuts
     D:6: 955 daAuts
     D:4: 922 daAuts
    D:10: 907 daAuts
     D:8: 792 daAuts
     D:7: 772 daAuts
     D:1: 751 daAuts
     D:3: 738 daAuts
     D:5: 695 daAuts
   Sewer: 666 daAuts
     D:9: 510 daAuts
Gauntlet: 231 daAuts
